 Dungeon Crawl Stone Soup version 0.28-a0-730-g892d06dc2c (console) character file.

Game seed: 8974309072445631896

92 petzl the Vexing (level 4, -2/29 HPs)
             Began as an Octopode Arcane Marksman on Oct 28, 2021.
             Slain by an iguana (10 damage)
             ... on level 7 of the Dungeon.
             The game lasted 00:15:11 (3591 turns).

petzl the Vexing (Octopode Arcane Marksman)         Turns: 3591, Time: 00:15:12

Health: -2/29      AC:  1    Str:  9    XL:     4   Next: 60%
Magic:  4/6        EV: 13    Int: 16    God:
Gold:   87         SH:  0    Dex: 12    Spells: 4/6 levels left

rFire   . . .      SeeInvis .   b - +1 dagger (elec) {!f =f}
rCold   . . .      Faith    .   (no shield)
rNeg    . . .      Spirit   .   (helmet restricted)
rPois   .          Reflect  .   (no amulet)
rElec   .          Harm     .   (no ring)
rCorr   .          Rampage  .   (no ring)
Will    .....                   (no ring)
Stlth   +++.......              (no ring)
HPRegen 0.09/turn               (no ring)
MPRegen 0.10/turn               (no ring)
                                (no ring)
                                (no ring)

@: no status effects
A: almost no armour, amphibious, 8 rings, camouflage 1, gelatinous body 1,
(nimble swimmer 1), tentacles
a: no special abilities


You were on level 7 of the Dungeon.
You visited 1 branch of the dungeon, and saw 8 of its levels.

You collected 117 gold pieces.
You spent 30 gold pieces at shops.

Inventory:

Hand Weapons
 a - a +0 hand crossbow
 b - a +1 dagger of electrocution (weapon) {!f =f}
 k - a +4 spear {!f =f}
 o - a +0 rapier
Missiles
 c - 63 bolts
 f - 11 poisoned darts (quivered)
Scrolls
 d - a scroll of enchant armour {unknown}
 e - 2 scrolls of identify {unknown}
 h - a scroll of magic mapping {unknown}
 i - 2 scrolls of fog
 l - a scroll of holy word {unknown}
 m - 2 scrolls of teleportation {unknown}
Potions
 g - 2 potions of magic {unknown}
 j - 2 potions of curing {unknown}
 n - a potion of attraction {unknown}
 p - a potion of degeneration {unknown}


   Skills:
 + Level 1.8 Fighting
 + Level 0.5 Short Blades
 + Level 2.5 Crossbows
 + Level 2.5 Dodging
 + Level 2.0 Stealth
 * Level 1.7 Spellcasting
 * Level 3.4 Hexes


You had 4 spell levels left.
You knew the following spells:

 Your Spells              Type           Power      Damage    Failure   Level
a - Slow                  Hex            12%        N/A       8%          2

Your spell library contained the following spells:

 Spells                   Type           Power      Damage    Failure   Level
 Confusing Touch          Hex            12%        N/A       16%         3
 Corpse Rot               Necr/Air       2%         N/A       32%         2
 Poisonous Vapours        Pois/Air       2%         N/A       32%         2
 Inner Flame              Hex/Fire       6%         N/A       32%         3
 Portal Projectile        Hex/Tloc       12%        N/A       32%         3
 Cause Fear               Hex            6%         N/A       45%         4
 Vampiric Draining        Necr           0%         2d6       54%         3


Dungeon Overview and Level Annotations

Branches:
Dungeon (8/15)
 Temple: D:4-7         Lair: D:8-11

Altars:
Okawaru
Ru

Shops:
D:1 [!(?(

Annotations:
D:3 Natasha, Sigmund, Terence
D:4 exclusion: upstairs, Edmund
D:5 exclusion: ogre
D:7 exclusion: downstairs


Innate Abilities, Weirdness & Mutations

You cannot wear most types of armour.
You are amphibious.
You can wear up to eight rings at the same time.
Your skin changes colour to match your surroundings (Stealth+).
Your rubbery body absorbs attacks. (AC +1, EV +1)
((You are camouflaged near water. (Stealth+)))
You have tentacles for arms and can constrict up to eight enemies at once.


Message History

There is a stone staircase leading down here.
You climb downwards.
Found a hunting sling and a club.
Found a stone staircase leading down.
There is a stone staircase leading up here.
Found 15 gold pieces.
There is a stone staircase leading down here.
You climb downwards.
Found a stone staircase leading down.
There is a stone staircase leading up here.
The orc shouts!
The orc priest shouts!
You hear a shout!
The orc warrior shouts!
The orc shouts!
You climb upwards.
There is a stone staircase leading down here.
Press: ? - help, v - describe, . - travel A stone staircase leading down.
Placed new exclusion.
Reduced exclusion size to a single square.
There is a stone staircase leading up here.
Found a green potion.
You now have 87 gold pieces (gained 15).
p - a green potion An iguana comes into view.
The iguana hisses angrily.
An iguana is nearby!
You hit the iguana but do no damage. Your grab misses the iguana.
The iguana closely misses you.
You hit the iguana. Your grab misses the iguana. You squeeze the iguana.
The iguana is lightly wounded.
The iguana bites you!
You hit the iguana. Your grab misses the iguana. You squeeze the iguana.
The iguana is heavily wounded.
The iguana bites you!
* * * LOW HITPOINT WARNING * * *
Casting: Slow (safe; 8% risk of failure)
Confirm with . or Enter, or press ? or * to list all spells.
Aiming: Slow (safe; 8% risk of failure)
Press: ? - help, Shift-Dir - straight line, f - iguana
Aim: an iguana (heavily wounded, chance to affect: 57%)
The iguana seems to slow down.
The iguana bites you!
You die...

####### #.....#
#.....# .# #.....#
. ##.....#
#.#......#
.#.##.#.# .... #.#
#.# #.# ####
#.####@#
.....#....l.#
#.........##
#)..####.....####.#
##......<..>......#
#####.#)....######
##.#...## ##.#.##
##... #...# #...#
#...#


You could see an iguana (slow).

Vanquished Creatures
  3 adders
  2 worms (D:2)
  A dart slug (D:1)
  An orc (D:3)
  4 bats
  3 endoplasms
  A giant cockroach (D:1)
  3 hobgoblins
  6 jackals
  3 quokkas
  3 ball pythons (D:2)
  3 frilled lizards
  9 goblins
  2 kobolds
  A quokka skeleton (D:4)
  11 rats
56 creatures vanquished.

Vanquished Creatures (others)
  6 plants (D:3)
6 creatures vanquished.

Grand Total: 62 creatures vanquished

Notes
Turn   | Place    | Note
-------+----------+-------------------------------------------
     0 | D:1      | petzl the Octopode Arcane Marksman began the quest for the
                  | Orb.
     0 | D:1      | Reached XP level 1. HP: 13/13 MP: 2/2
   300 | D:1      | Found Nuymo's Magic Scroll Emporium.
   306 | D:1      | Found Ulyix's Weapon Shop.
   440 | D:1      | Found a faded altar of an unknown god.
   457 | D:1      | Reached XP level 2. HP: 6/18 MP: 3/3
   789 | D:1      | Found Nuutyjer's Weapon Emporium.
   800 | D:1      | Bought 7 poisoned darts for 30 gold pieces
   924 | D:1      | Reached skill level 1 in Stealth
  1109 | D:1      | Found Qosul's Armour Shop.
  1141 | D:1      | Found Durus's Distillery.
  1239 | D:2      | Reached XP level 3. HP: 19/23 MP: 3/5
  1240 | D:2      | You fall into a shaft and drop 1 floor!
  1959 | D:2      | Found a sacrificial altar of Ru.
  2259 | D:3      | Noticed Natasha
  2274 | D:2      | Reached XP level 4. HP: 29/29 MP: 6/6
  2752 | D:3      | Noticed Terence
  2926 | D:3      | Learned a level 2 spell: Slow
  3221 | D:3      | Found an iron altar of Okawaru.
  3253 | D:3      | Noticed Sigmund
  3442 | D:4      | Noticed Edmund
  3526 | D:5      | Entered Level 5 of the Dungeon
  3534 | D:5      | Noticed an ogre
  3564 | D:8      | Noticed an orc warrior
  3591 | D:7      | Slain by an iguana

Illustrated notes

Levels and vault maps discovered:
D:1:      eino_arrival_druids_welcome, layout_rooms,
          dreamdust_ecumenical_altar_statues, serial_shops, shop,
          nicolae_shop_statue_plus, shop_statue, nicolae_shop_statue_plus, shop
D:2:      layout_basic, basic_altar, grunt_decor_resistance,
          minmay_misc_feat_iff
D:3:      layout_loops_corners, mainiacjoe_overflow_catwalk, serial_bayou,
          serial_bayou_crossing, serial_bayou_lake_a, serial_bayou_pond_d,
          serial_bayou_shore_b, grunt_decor_mini_mirrors, minmay_circle_x,
          uniq_terence, uniq_sigmund, uniq_natasha
D:4:      layout_layer_cave, uniq_edmund
D:5:      layout_gridville, minmay_temple_entry_waves, serial_shops,
          nicolae_take_the_stairs, nicolae_shop_stone, nicolae_shop_firing_range
D:6:      layout_basic, grunt_ministairs_11, uniq_maggie, uniq_duvessa
D:7:      layout_loops_cross
D:8:      layout_loops_ring, mainiacjoe_overflow_boulevard,
          evilmike_ruin_ashenzari, grunt_temple_overflow_open,
          grunt_lair_entry_orc_guard_hut

Skill      XL: |  1  2  3  4 |
---------------+-------------+-----
Stealth        | 1 2 |  2.0
Fighting       | |  1.8
Short Blades   | |  0.5
Crossbows      | |  2.5
Dodging        | |  2.5
Spellcasting   | |  1.7
Hexes          | |  3.4

Action                   |  1- 3 |  4- 6 || total
-------------------------+-------+-------++-------
Melee: Dagger            |    67 |    41 ||   108
       Constrict         |    14 |    10 ||    24
       Tentacles         |     7 |     5 ||    12
       Short sword       |     2 |       ||     2
 Fire: Hand crossbow     |    29 |       ||    29
Throw: Dart              |     2 |       ||     2
 Cast: Slow              |       |     3 ||     3
  Use: Scroll            |     1 |       ||     1
 Stab: Sleeping          |     4 |     1 ||     5
       Distracted        |       |     1 ||     1
Armor: Skin              |    10 |     3 ||    13
Dodge: Dodged            |    57 |    18 ||    75

Table legend: (Time is in decaauts)
 A = Elapsed time spent in this place.
 B = Non-inter-level travel time spent in this place.
 C = Inter-level travel time spent in this place.
 D = Time resting spent in this place.
 E = Time spent auto-exploring this place.
 F = Levels seen in this place.
 G = Mean time per level.
                   A        B        C        D        E       F      G
               +--------+--------+--------+--------+--------+-----+--------+
         Total |   3606 |   3266 |    340 |    910 |   1082 |   8 |  450.8 |
       Dungeon |   3606 |   3266 |    340 |    910 |   1082 |   8 |  450.8 |
               +--------+--------+--------+--------+--------+-----+--------+

Top non-repeatable levels by time:
     D:2: 1270 daAuts
     D:3: 1133 daAuts
     D:1: 984 daAuts
     D:4: 152 daAuts
     D:7: 30 daAuts
     D:5: 28 daAuts
     D:6: 3 daAuts
     D:8: 1 daAuts
